 Dungeon Crawl Stone Soup version 0.31-a0-765-g67fe2935dc (webtiles) character file.

Game seed: 13722847620216432747

270 Armakuni the Twirler (level 6, 0/48 HPs)
             Began as a Human Wanderer on Sept 15, 2023.
             Killed from afar by Blork the orc (6 damage)
             ... with a puff of frost
             ... on level 4 of the Dungeon.
             The game lasted 00:05:55 (3162 turns).

Armakuni the Twirler (Human Wanderer)               Turns: 3162, Time: 00:05:56

Health: 0/48       AC:  6    Str: 10 (12) XL:     6   Next: 46%
Magic:  6/6        EV:  9    Int: 14      God:
Gold:   131        SH:  0    Dex: 13      Spells: 5/5 levels left

rFire   . . .        b - +0 dagger (venom)
rCold   . . .        (no shield)
rNeg    . . .        c - +1 ring mail
rPois   .            (no helmet)
rElec   .            (no cloak)
rCorr   .            (no gloves)
SInv    .            (no boots)
Will    .....        (no amulet)
Stlth   +            (no ring)
HPRegen 0.28/turn    (no ring)
MPRegen 0.10/turn

%: no passive effects
@: about to teleport, hasted, very quick
A: no striking features
a: no special abilities


You were on level 4 of the Dungeon.
You visited 1 branch of the dungeon, and saw 4 of its levels.

You collected 131 gold pieces.

Inventory:

Hand Weapons
 a - a +2 mace
 b - a +0 dagger of venom (weapon)
 e - a +0 sling
Armour
 c - a +1 ring mail (worn)
Magical Staves
 f - a staff of fire
Jewellery
 i - a ring of see invisible
 n - a +4 ring of protection
 o - a +6 ring of intelligence
Scrolls
 g - a scroll of blinking
 j - 2 scrolls of teleportation
 k - a scroll of torment
Potions
 d - a potion of haste


   Skills:
 + Level 3.7 Fighting
 - Level 3.9(4.8) Maces & Flails
 - Level 4.2(5.0) Staves
 - Level 2.0 Ranged Weapons
 - Level 2.0 Armour
 - Level 1.0 Stealth


You had 5 spell levels left.
You didn't know any spells.
Your spell library contained the following spells:

 Spells                   Type           Power      Damage    Failure   Level
 Slow                     Hex            0%         N/A       58%         1
 Confusing Touch          Hex            0%         N/A       91%         3
 Inner Flame              Hex/Fire       0%         N/A       91%         3
 Sigil of Binding         Hex            0%         N/A       91%         3
 Tukima's Dance           Hex            0%         N/A       91%         3
 Vampiric Draining        Necr           0%         2d6       91%         3
 Dimensional Bullseye     Hex/Tloc       0%         N/A       100%        4
 Flame Wave               Conj/Fire      0%         2d4       100%        4
 Iskenderun's Mystic Bla  Conj/Tloc      0%         2d3       100%        4
 Sticky Flame             Conj/Fire      0%         2d3       100%        4


Dungeon Overview and Level Annotations

Branches:
Dungeon (4/15)
 Temple: D:4-7

Altars:

Annotations:
D:4 Blork the orc


Message History

Blork the orc is lightly wounded.
Blork the orc hits you with a +0 broad axe!
The hobgoblin hits you but does no damage.
Blork the orc attacks as he pursues you!
Blork the orc barely misses you.
Blork the orc attacks as he pursues you!
Blork the orc barely misses you.
You hit Blork the orc.
Blork the orc is moderately wounded.
Blork the orc begins to cast a cantrip, but forgets the words!
Blork the orc hits you with a +0 broad axe!
You hit Blork the orc.
Blork the orc looks as sick as possible!
Blork the orc is moderately wounded.
Blork the orc hits you with a +0 broad axe!
* * * LOW HITPOINT WARNING * * *
You hit Blork the orc but do no damage.
Blork the orc looks as sick as possible!
Blork the orc is heavily wounded.
Blork the orc closely misses you.
Okay, then.
As you read the scroll of teleportation, it crumbles to dust.
You feel strangely unstable.
Blork the orc gestures at you while chanting.
The puff of frost hits you!
* * * LOW HITPOINT WARNING * * *
You hit Blork the orc.
Blork the orc looks as sick as possible!
Blork the orc is heavily wounded.
Blork the orc hits you but does no damage.
You hit Blork the orc but do no damage.
Blork the orc looks as sick as possible!
Blork the orc is heavily wounded.
You hit Blork the orc but do no damage.
Blork the orc looks as sick as possible!
Blork the orc is severely wounded.
Blork the orc screams, "I'm going to kill you!"
Blork the orc gestures at you while chanting.
The puff of frost hits you.
You die...

###..###.# #.........
.........#########.......
......................).
... ..########.#..####
#.##.# ##.......#
#....####......#..#
###!...g.......####.#
#....##o.....### .#
.#..#.).@.###.## .#
...........>.#!# .#
..####.##.#....# .. # #.
#........ ......#####. .
........ ## ....
.....##.. #.## ...... #.#
##...# ... .. ####..#.#


You could see Blork the orc (fast, extremely poisoned) and a hobgoblin.

Vanquished Creatures
  A phantom (D:4)
  A scorpion (D:4)
  An orc priest (D:3)
  A gnoll (D:3)
  4 adders
  4 dart slugs
  3 orcs
  8 ball pythons
  6 endoplasms
  A giant cockroach (D:3)
  8 goblins
  6 hobgoblins
  A quokka (D:1)
  4 bats (D:1)
  3 frilled lizards
  9 rats
61 creatures vanquished.

Notes
Turn   | Place    | Note
-------+----------+-------------------------------------------
     0 | D:1      | Armakuni the Human Wanderer began the quest for the Orb.
     0 | D:1      | Armakuni set off with the following items: a +2 mace, a +0
                  | sling, a +0 ring mail, a potion of haste.
     0 | D:1      | Reached XP level 1. HP: 16/16 MP: 1/1
    94 | D:1      | Reached XP level 2. HP: 22/22 MP: 2/2
   202 | D:1      | Found a faded altar of an unknown god.
   202 | D:1      | Noticed a golden eye
   206 | D:1      | Noticed a floating eye
   206 | D:1      | Noticed a shining eye
   206 | D:1      | Noticed a shining eye
   242 | D:1      | HP: 1/22 [frozen (5)]
   622 | D:1      | Reached XP level 3. HP: 27/27 MP: 3/3
   744 | D:2      | Reached skill level 1 in Staves
  1275 | D:2      | Reached skill level 2 in Staves
  1341 | D:2      | Reached XP level 4. HP: 32/33 MP: 4/4
  1807 | D:3      | Reached skill level 3 in Staves
  2077 | D:3      | Reached XP level 5. HP: 12/38 MP: 5/5
  2937 | D:4      | Reached skill level 4 in Staves
  2937 | D:4      | Reached XP level 6. HP: 40/46 MP: 6/6
  3141 | D:4      | Noticed Blork the orc
  3162 | D:4      | Killed from afar by Blork the orc

Illustrated notes

Levels and vault maps discovered:
D:1:      psy_arrival_terrarium, layout_basic,
          hellmonk_ecumenical_altar_watching_god
D:2:      layout_basic
D:3:      wad_woods_pond, layout_basic, portal_sewer_entry_e
D:4:      layout_rooms, pdpol_wu_jian_five_deadly_venoms, uniq_blork_the_orc

Skill      XL: |  1  2  3  4  5  6 |
---------------+-------------------+-----
Staves         | 2 3 4 |  4.2
Fighting       | 3 |  3.7
Maces & Flails | |  3.9
Ranged Weapons | |  2.0
Armour         | |  2.0
Stealth        | |  1.0

Action                     |  1- 3 |  4- 6 || total
---------------------------+-------+-------++-------
  Melee: Dagger            |    60 |    89 ||   149
         Mace              |    36 |    30 ||    66
         Punch             |       |     1 ||     1
    Use: Scroll            |     6 |     3 ||     9
         Potion            |       |     5 ||     5
   Stab: Sleeping          |       |     1 ||     1
 Armour: Ring mail         |    56 |    68 ||   124
  Dodge: Dodged            |    44 |    52 ||    96

Table legend: (Time is in decaauts)
 A = Elapsed time spent in this place.
 B = Non-inter-level travel time spent in this place.
 C = Inter-level travel time spent in this place.
 D = Time resting spent in this place.
 E = Time spent auto-exploring this place.
 F = Levels seen in this place.
 G = Mean time per level.
                   A        B        C        D        E       F      G
               +--------+--------+--------+--------+--------+-----+--------+
         Total |   3184 |   3116 |     68 |    424 |   2031 |   4 |  796.0 |
       Dungeon |   3184 |   3116 |     68 |    424 |   2031 |   4 |  796.0 |
               +--------+--------+--------+--------+--------+-----+--------+

Top non-repeatable levels by time:
     D:3: 1234 daAuts
     D:2: 989 daAuts
     D:1: 725 daAuts
     D:4: 234 daAuts
